AoeStats
← VIT Liereyy

Arabian Desert

510298954Analyzed
1v1 RM · 1d ago on Sep 30, 2026· 31m 10s· 2 players
Game mode
Random Map
Map size
Tiny (2 player)
Population
200
Speed
Normal
Resources
Standard
Victory
Conquest
Starting age
Dark Age
Ending age
Imperial Age
RankedLock teamsTeams togetherTeam positionsShared explorationLock speedFull tech treeHidden civsTurbo modeCheats
Victory
Defeat
🇦🇹 Vietnamese · Austria
2944
+4
🇨🇳 Celts · China
2580
-4
VIT Liereyy
7:03 Loom
9:14 Feudal Age
9:43 Double-Bit Axe
10:58 Town Watch
12:28 Fletching
15:08 Horse Collar
16:30 Wheelbarrow
22:19 Castle Age
22:00 Gold Mining
22:16 Scale Barding Armor
23:59 Forging
24:46 Chain Barding Armor
24:39 Bow Saw
29:51 Bodkin Arrow
30:36 Husbandry
_LY_lyx
6:19 Loom
8:43 Feudal Age
8:52 Man-at-Arms
14:01 Double-Bit Axe
16:20 Scale Mail Armor
17:49 Fletching
27:27 Forging
Connection lost

Rejoining the realm…

Still unreachable

The connection could not be restored.

Session expired

The server has moved on; the page needs a fresh start.